 Dungeon Crawl Stone Soup version 0.23-a0-565-g3e74e4c (webtiles) character file.

166 Leeroy the Ducker (level 5, 0/39 HPs)
             Began as a Merfolk Skald on Dec 13, 2018.
             Succumbed to a scorpion's poison
             ... on level 4 of the Dungeon.
             The game lasted 00:10:28 (2475 turns).

Leeroy the Ducker (Merfolk Skald)                   Turns: 2475, Time: 00:10:29

Health: 0/39       AC:  3    Str:  8 (11) XL:     5   Next: 47%
Magic:  8/8        EV: 18    Int: 14 (17) God:
Gold:   125        SH:  0    Dex: 17 (20) Spells: 1/9 levels left

rFire    . . .     SeeInvis .   a - +0 falchion
rCold    . . .     Gourm    .   (no shield)
rNeg     . . .     Faith    .   b - +0 leather armour
rPois    .         Spirit   .   (no helmet)
rElec    .         Reflect  .   (no cloak)
rCorr    .         Harm     .   (no gloves)
MR       .....                  (no boots)
Stlth    +++.......             (no amulet)
HPRegen  0.13/turn              (no ring)
MPRegen  0.11/turn              (no ring)

@: brilliant, agile, lethally poisoned (0 -> -4), flying, very slightly
contaminated, hasted, very quick
A: change form in water, swift swim, stealthy swim
a: no special abilities


You were on level 4 of the Dungeon.
You were not hungry.

You visited 1 branch of the dungeon, and saw 4 of its levels.

You collected 125 gold pieces.

Inventory:

Hand Weapons
 a - a +0 falchion (weapon)
 g - a +0 dagger
 m - a +0 hunting sling
 o - a +1 short sword of venom
 r - a +0 spear
 A - a +0 trident
Missiles
 e - 174 stones (quivered)
 f - 81 arrows
 n - 7 tomahawks
 x - 3 tomahawks of returning
Armour
 b - a +0 leather armour (worn)
 c - a +0 ring mail
 l - a +1 cloak
 p - a +0 helmet
 u - a +1 naga barding
Wands
 y - a wand of flame (20)
 B - a wand of iceblast (6)
Scrolls
 h - a scroll of immolation {unknown}
 i - a scroll of noise {unknown}
 j - 3 scrolls of teleportation
 k - a scroll of blinking
 s - a scroll of fear {unknown}
 t - 3 scrolls of identify
 w - a scroll of enchant armour {unknown}
 C - a scroll of magic mapping {unknown}
Comestibles
 d - 3 rations


   Skills:
 + Level 2.6 Fighting
 * Level 3.4 Long Blades
 - Level 0.3(0.4) Slings
 + Level 1.2 Armour
 * Level 3.9 Dodging
 * Level 1.6 Stealth
 * Level 2.5 Spellcasting
 + Level 3.8 Charms


You had one spell level left.
You knew the following spells:

 Your Spells              Type           Power        Failure   Level  Hunger
a - Infusion              Chrm           ###.         1%          1    #......
b - Song of Slaying       Chrm           ###.....     1%          2    ###....
c - Shroud of Golubria    Chrm/Tloc      ###.......   2%          2    ###....
d - Spectral Weapon       Hex/Chrm       ###.....     5%          3    ###....

Your spell library contained the following spells:

 Spells                   Type           Power        Failure   Level  Hunger
 Regeneration             Chrm/Necr      ###.......   5%          3    ###....


Dungeon Overview and Level Annotations

Branches:
Dungeon (4/15)
 Temple: D:4-7

Altars:
Elyvilon
Qazlal
Sif Muna
Zin

Shops:
D:4 *(


Message History

* * * LOW HITPOINT WARNING * * *
You feel sick.
You see here a scroll of teleportation.
j - 3 scrolls of teleportation (gained 1)
* * * LOW HITPOINT WARNING * * *
You feel sick.
* * * LOW HITPOINT WARNING * * *
You feel sick.
* * * LOW HITPOINT WARNING * * *
You feel sick.
Okay, then.
It was a potion of brilliance.
You feel clever all of a sudden.
It was a potion of flight.
You feel very buoyant.
You fly up into the air.
* * * LOW HITPOINT WARNING * * *
You feel sick.
Found a potion of flight.
You die...

#.#
##...##
#.#
##.##
#.# #.#
#a# #.#
##s# ...
##..#
..#
#...#
##.##
#@# #.#
#.. ....
..!..
#..#...
#.....##
#(##..#


You could see a scorpion and a worker ant.

Vanquished Creatures
  An orc wizard (D:3)
  A bullfrog skeleton (D:4)
  A worker ant (D:4)
  2 adders
  3 dart slugs (D:1)
  A leopard gecko (D:3)
  7 orcs
  3 giant cockroaches
  7 goblins
  3 hobgoblins
  3 jackals (D:3)
  A quokka (D:2)
  2 ball pythons
  8 bats
  3 frilled lizards
  4 kobolds
  7 rats
57 creatures vanquished.

Vanquished Creatures (others)
  A spectral weapon (D:4)
1 creature vanquished.

Grand Total: 58 creatures vanquished

Notes
Turn   | Place    | Note
-------+----------+-------------------------------------------
     0 | D:1      | Leeroy the Merfolk Skald began the quest for the Orb.
     0 | D:1      | Reached XP level 1. HP: 16/16 MP: 3/3
   149 | D:1      | Reached XP level 2. HP: 9/22 MP: 5/5
   156 | D:1      | Learned a level 2 spell: Song of Slaying
   159 | D:1      | Learned a level 2 spell: Shroud of Golubria
   667 | D:1      | Reached XP level 3. HP: 27/27 MP: 6/6
   696 | D:1      | Reached skill level 1 in Armour
  1229 | D:2      | Found a deep blue altar of Sif Muna.
  1590 | D:2      | Reached XP level 4. HP: 27/34 MP: 7/7
  1876 | D:3      | Found a glowing silver altar of Zin.
  1968 | D:3      | Found a white marble altar of Elyvilon.
  2036 | D:3      | Found a stormy altar of Qazlal.
  2072 | D:3      | You fall through a shaft!
  2131 | D:4      | Reached skill level 1 in Stealth
  2131 | D:4      | Reached XP level 5. HP: 25/39 MP: 8/8
  2180 | D:4      | Found Zuonak Omoff's Assorted Antiques.
  2186 | D:4      | Learned a level 3 spell: Spectral Weapon
  2209 | D:4      | HP: 1/39 [worker ant (1)]
  2406 | D:4      | Found Asijaps's Weapon Shoppe.
  2424 | D:4      | Noticed a phantom
  2469 | D:4      | HP: 1/39 [poisoned by a scorpion]
  2475 | D:4      | Succumbed to a scorpion's poison

Vault maps used:
D:1:      psy_arrival_spokes, minivault_23, st_stairs_12
D:2:      wad_floor_pattern_untrapped, chequers_big_river, led_sif_pool
D:3:      lemuel_crystal_altar, elyvilon_altar_1,
          nicolae_qazlal_general_emergency, doesnt_xom_only_xom,
          serial_park_tiny_1
D:4:      cheibrodos_sewer_entry_sluice, serial_shops, shop, shop, shop,
          first_ration, minivault_25, nicolae_zen_rock_garden

Skill      XL: |  1  2  3  4 |
---------------+-------------+-----
Dodging        | 3 |  3.9
Armour         | 1 |  1.2
Long Blades    | 3 |  3.4
Stealth        | 1 |  1.6
Fighting       | |  2.6
Slings         | |  0.3
Spellcasting   | |  2.5
Charms         | |  3.8

Action                   |  1- 3 |  4- 6 || total
-------------------------+-------+-------++-------
Melee: Falchion          |    77 |    35 ||   112
       Short sword       |    12 |    46 ||    58
       Tailslap          |     4 |       ||     4
 Fire: Hunting sling     |    26 |       ||    26
Throw: Stone             |     2 |     7 ||     9
 Cast: Shroud of Golubri |       |     1 ||     1
       Spectral Weapon   |       |     1 ||     1
  Use: Scroll            |     1 |     2 ||     3
       Potion            |       |     8 ||     8
  Eat: Chunk             |     2 |     3 ||     5
Armor: Leather armour    |    24 |    25 ||    49
Dodge: Dodged            |    98 |    98 ||   196
       Rpst.: Falchion   |    25 |    16 ||    41

Table legend:
 A = Non-vault XP
 B = Vault XP
 C = Vault XP percentage of total XP
 D = Non-vault monster count
 E = Vault monster count
 F = Vault count percentage of total count
                 A         B        C        D         E       F
            +---------+---------+-------+---------+---------+-------
      Total |     236 |       2 |   0.8 |      56 |       1 |   1.8
            +---------+---------+-------+---------+---------+-------
        D:1 |      36 |       2 |   5.3 |      19 |       1 |   5.0
        D:2 |      45 |       0 |   0.0 |      19 |       0 |   0.0
        D:3 |      80 |       0 |   0.0 |      15 |       0 |   0.0
        D:4 |      75 |       0 |   0.0 |       3 |       0 |   0.0
            +---------+---------+-------+---------+---------+-------
